 Dungeon Crawl Stone Soup version 0.27-a0-1101-ge311f74bc8 (webtiles) character file.

Game seed: 18301756877385316660

161 siradein the Slasher (level 5, -4/45 HPs)
             Began as a Hill Orc Fighter on Apr 28, 2021.
             Slain by an ogre
             ... wielding a +0 giant club
              (6 damage)
             ... on level 4 of the Dungeon.
             The game lasted 00:07:29 (3920 turns).

siradein the Slasher (Hill Orc Fighter)             Turns: 3920, Time: 00:07:29

Health: -4/45      AC:  6    Str: 20    XL:     5   Next: 42%
Magic:  5/5        EV:  7    Int:  8    God:
Gold:   180        SH:  9    Dex: 10    Spells: 4/4 levels left

rFire    . . .     SeeInvis .   a - +0 long sword
rCold    . . .     Faith    .   c - +0 kite shield
rNeg     . . .     Spirit   .   b - +0 scale mail
rPois    .         Reflect  .   (no helmet)
rElec    .         Harm     .   (no cloak)
rCorr    .         Rampage  .   (no gloves)
Will     .....                  (no boots)
Stlth    ..........             (no amulet)
HPRegen  0.15/turn              (no ring)
MPRegen  0.09/turn              (no ring)

@: no status effects
A: no striking features
a: no special abilities


You were on level 4 of the Dungeon.
You visited 1 branch of the dungeon, and saw 4 of its levels.

You collected 180 gold pieces.

Inventory:

Hand Weapons
 a - a +0 long sword (weapon)
Armour
 b - a +0 scale mail (worn)
 c - a +0 kite shield (worn)
Jewellery
 i - a ring of fire
 k - a ring of willpower
Wands
 j - a wand of flame (18)
Scrolls
 f - 3 scrolls of identify {unknown}
 m - a scroll of enchant armour {unknown}
Potions
 d - a potion of might
 e - a potion of attraction {unknown}
 g - a potion of curing {unknown}
 h - a potion of lignification {unknown}
 l - a potion of cancellation {unknown}
 o - a potion of mutation {unknown}


   Skills:
 - Level 3.6 Fighting
 + Level 6.0 Long Blades
 - Level 3.2 Armour
 - Level 3.2 Shields


You had 4 spell levels left.
You didn't know any spells.
Your spell library contained the following spells:

 Spells                   Type           Power      Damage    Failure   Level
 Confusing Touch          Hex            0%         N/A       100%        3
 Gell's Gravitas          Tloc           0%         N/A       100%        3
 Petrify                  Tmut/Erth      0%         N/A       100%        4
 Metabolic Englaciation   Hex/Ice        0%         N/A       100%        5
 Yara's Violent Unravell  Hex/Tmut       0%         3d3       100%        5


Dungeon Overview and Level Annotations

Branches:
Dungeon (4/15)
 Temple: D:4-7

Altars:
Cheibriados
Zin

Shops:
D:3 *


Message History

You now have 180 gold pieces (gained 12).
You see here a +0 flail.
HP restored.
Things that are here:
a +0 hand axe; a +0 leather armour
(D) Dungeon
Where to? (Enter - D:4, ? - help)
What level of the Dungeon? (default 1, ? - help)
There is a stone staircase leading down here.
You climb downwards.
There is a stone staircase leading up here.
An ogre comes into view. It is wielding a +0 giant club.
The ogre shouts!
You slash the ogre!
The ogre is moderately wounded.
The ogre hits you with a +0 giant club!!
Ouch! That really hurt!
There is a stone staircase leading up here.
Throw: throwing net
Press: ? - help, Q - select action, (/) - cycle Shift-Dir - straight line, f - ogre
Aim: an ogre, wielding a +0 giant club (lightly wounded, 72% to hit)
You throw a throwing net. The throwing net hits the ogre.
The ogre is caught in the net!
The ogre is lightly wounded.
The ogre struggles against the net.
You hit the ogre.
The ogre is lightly wounded.
The ogre struggles against the net. x2
You hit the ogre.
The ogre is moderately wounded.
The ogre struggles against the net.
The net rips apart, and the ogre comes free!
You slash the ogre!
The ogre is heavily wounded.
The ogre hits you with a +0 giant club!!
* * * LOW HITPOINT WARNING * * *
You hit the ogre.
The ogre is severely wounded.
The ogre hits you with a +0 giant club.
You die...

#..# #.# .. ###..#
#.#
#.#....########.#####
#...#.........<.....#
#....########.###.#
##.#.# #......
#.#.########.....#
#.#..............#
#@##########.....#
#O# #.....# #.#
###.### #.# #.#
#.############.#
#..............#
#######..####### #..#
#..#


You could see an ogre.

Vanquished Creatures
  An orc priest (D:3)
  Ijyb (D:3)
  3 adders (D:2)
  3 worms
  6 orcs (D:3)
  7 endoplasms
  2 giant cockroaches (D:1)
  5 goblins
  3 hobgoblins
  4 jackals (D:2)
  A quokka (D:2)
  7 ball pythons
  5 bats
  2 frilled lizards
  6 kobolds
  8 rats
64 creatures vanquished.

Notes
Turn   | Place    | Note
-------+----------+-------------------------------------------
     0 | D:1      | siradein the Hill Orc Fighter began the quest for the Orb.
     0 | D:1      | Reached XP level 1. HP: 19/19 MP: 1/1
   257 | D:1      | Reached XP level 2. HP: 24/26 MP: 2/2
   289 | D:1      | Reached skill level 3 in Long Blades
   787 | D:1      | Reached XP level 3. HP: 31/31 MP: 3/3
  1214 | D:2      | Reached skill level 4 in Long Blades
  1439 | D:2      | Found a faded altar of an unknown god.
  1557 | D:2      | Reached XP level 4. HP: 27/39 MP: 4/4
  2165 | D:2      | Reached skill level 5 in Long Blades
  2374 | D:3      | Noticed Ijyb
  2389 | D:3      | Killed Ijyb
  2654 | D:3      | Found Zin's Purification Station.
  2655 | D:3      | Found a glowing silver altar of Zin.
  2834 | D:3      | Reached XP level 5. HP: 29/45 MP: 5/5
  2946 | D:3      | Found a snail-covered altar of Cheibriados.
  3557 | D:3      | Reached skill level 6 in Long Blades
  3861 | D:4      | Noticed an ogre
  3919 | D:4      | HP: 2/45 [ogre/+0 giant club (21)]
  3920 | D:4      | Slain by an ogre

Illustrated notes

Levels and vault maps discovered:
D:1:      scummos_arrival_forest, layout_loops_corners
D:2:      layout_loops_corners, hellmonk_ecumenical_altar_pennies_from_heaven
D:3:      layout_rooms, zin_purify, slow_altar_1, uniq_ijyb
D:4:      layout_loops_ring, nicolae_uskayaw_en_pointe, serial_shops, shop,
          hangedman_decor_opposing, minmay_liquid_box, dk_noncrumbling_2,
          kennysheep_generic_room_6

Skill      XL: |  1  2  3  4  5 |
---------------+----------------+-----
Long Blades    | 3 4 5 6 |  6.0
Fighting       | |  3.6
Armour         | |  3.2
Shields        | |  3.2

Action                   |  1- 3 |  4- 6 || total
-------------------------+-------+-------++-------
Melee: Long sword        |   104 |   109 ||   213
Throw: Throwing net      |       |     1 ||     1
Armor: Scale mail        |    53 |    40 ||    93
Dodge: Dodged            |    32 |    28 ||    60
Block: Kite shield       |    61 |    47 ||   108
       Rpst.: Long sword |    13 |     7 ||    20

Table legend: (Time is in decaauts)
 A = Elapsed time spent in this place.
 B = Non-inter-level travel time spent in this place.
 C = Inter-level travel time spent in this place.
 D = Time resting spent in this place.
 E = Time spent auto-exploring this place.
 F = Levels seen in this place.
 G = Mean time per level.
                   A        B        C        D        E       F      G
               +--------+--------+--------+--------+--------+-----+--------+
         Total |   4010 |   3955 |     55 |    428 |   2881 |   4 | 1002.5 |
       Dungeon |   4010 |   3955 |     55 |    428 |   2881 |   4 | 1002.5 |
               +--------+--------+--------+--------+--------+-----+--------+

Top non-repeatable levels by time:
     D:2: 1416 daAuts
     D:3: 1285 daAuts
     D:1: 1233 daAuts
     D:4: 74 daAuts
